 Dungeon Crawl Stone Soup version 0.29.1-4-g47bece8355 (webtiles) character file.

Game seed: 10645276473343535566

2778 CungeonDrawl the Thaumaturge (level 10, -3/76 HPs)
             Began as a Djinni Air Elementalist on Dec 11, 2022.
             Was a Follower of Makhleb.
             Slain by an orc warrior
             ... wielding a +0 battleaxe
              (12 damage)
             ... in a bailey.
             The game lasted 00:35:16 (9310 turns).

CungeonDrawl the Thaumaturge (DjAE)                 Turns: 9310, Time: 00:35:17

Health: -3/76      AC:  5    Str:  7    XL:     10   Next: 1%
Gold:   767        EV: 12    Int: 22    God:    Makhleb [*.....] SH:  5 Dex: 13

rFire   + + +      SeeInvis .   e - staff of cold
rCold   x . .      Faith    .   (no shield)
rNeg    . . .      Spirit   .   B - +2 robe {Will+}
rPois   ∞          Reflect  +   (no helmet)
rElec   .          Harm     .   x - +0 cloak
rCorr   .          Rampage  .   (no gloves)
Will    ++...                   (boots unavailable)
Stlth   ++........              y - amulet of reflection
HPRegen 0.22/turn               j - ring of protection from fire
MPRegen 0.00/turn               d - ring of fire

@: flying
A: sickness immunity, fire resistance 2, cold vulnerability 1, float, innate
caster, HP casting, extra vitality 1
a: Renounce Religion


You were in a bailey.
You worshipped Makhleb.
Makhleb was aware of your devotion.
You visited 2 branches of the dungeon, and saw 8 of its levels.
You also visited: Ossuary and Bailey.

You collected 767 gold pieces.

Inventory:

Hand Weapons
 v - the +2 Maxwell's thermic engine {flame, freeze}
   (You found it on level 4 of the Dungeon)

   It burns those it strikes, dealing additional fire damage.
   Big, fiery blades are also staple armaments of hydra-hunters.
   It freezes those it strikes, dealing additional cold damage.
   It can also slow down cold-blooded creatures.
   It becomes more effective when it hits something.
   This effect fades over time.
Missiles
 z - 3 throwing nets
Armour
 a - a +0 robe
 x - a +0 cloak (worn)
 B - a +2 robe of willpower (worn)
Magical Staves
 e - a staff of cold (weapon)
Jewellery
 d - a ring of fire (right hand)
 j - a ring of protection from fire (left hand)
 p - a ring of resist corrosion
 y - an amulet of reflection (around neck)
Wands
 h - a wand of mindburst (13)
Scrolls
 b - 5 scrolls of teleportation
 f - a scroll of poison
 g - a scroll of vulnerability {unknown}
 k - a scroll of enchant weapon {unknown}
 m - 2 scrolls of fear {unknown}
 n - a scroll of magic mapping
 o - a scroll of immolation {unknown}
 s - a scroll of amnesia {unknown}
 t - 2 scrolls of enchant armour {unknown}
 u - 2 scrolls of noise {unknown}
 D - a scroll of silence {unknown}
Potions
 c - 3 potions of attraction
 i - 2 potions of curing
 l - 3 potions of might
 q - a potion of resistance {unknown}
 r - 2 potions of ambrosia {unknown}
 w - a potion of heal wounds {unknown}
 A - 2 potions of mutation
 C - a potion of brilliance {unknown}


   Skills:
 * Level 8.1 Fighting
 - Level 2.1 Dodging
 - Level 1.5 Stealth
 - Level 8.2 Spellcasting


You had 5 spell levels left.
You knew the following spells:

 Your Spells              Type           Power      Damage    Failure   Level
a - Shock                 Conj/Air       100%       1d9       1%          1
b - Static Discharge      Conj/Air       45%        3-9/arc   1%          2
c - Swiftness             Air            45%        N/A       1%          3
d - Airstrike             Air            22%        2d(4-20)  2%          4
e - Foxfire               Conj/Fire      100%       2x1d9     1%          1
f - Call Imp              Summ           45%        N/A       1%          2
g - Call Canine Familiar  Summ           45%        N/A       1%          3
h - Flame Wave            Conj/Fire      61%        2d14      2%          4
Your spell library was empty.

Dungeon Overview and Level Annotations

Branches:
Dungeon (7/15)             Temple (1/1) D:5         Ossuary (visited)
 Bailey (1/1)

Altars:
Ashenzari
Cheibriados
Elyvilon
Fedhas
Hepliaklqana
Makhleb
Okawaru
Qazlal
Ru
Trog
Uskayaw
Wu Jian
Xom
Yredelemnul
Zin
The Shining One

Shops:
D:2 :   D:4 *

Annotations:
D:4 1 transporter, satrion's ghost, amateur MeEE


Innate Abilities, Weirdness & Mutations

You are immune to sickness and miasma.
You are immune to poison.
Your flesh is very heat resistant. (rF++)
You are vulnerable to cold. (rC-)
You float through the air rather than walking.
You learn spells naturally, not from books.
Your magical power is your life essence.
You have superior vitality. (+4 MHP)


Message History

The orc knight is almost dead.
Your hound closely misses the orc warrior.
The orc knight completely misses you.
Casting: Airstrike (dangerous; 2% risk of failure)
Confirm with . or Enter, or press ? or * to list all spells.
Aiming: Airstrike (dangerous; 2% risk of failure)
Press: ? - help, Dir - move target, f/p - orc knight
Aim: an orc knight, wielding a +0 war axe and wearing a +0 plate armour (almost dead, empty space bonus: 6/8)
The air twists around and strikes the orc knight!
You kill the orc knight!
Makhleb accepts your kill. You block the orc warrior's attack.
The orc warrior misses your hound.
Your hound misses the orc warrior.
Your Fighting skill increases to level 8!
You have reached level 10!
You are too injured to fight recklessly!
Casting: Airstrike (dangerous; 2% risk of failure)
Confirm with . or Enter, or press ? or * to list all spells.
Aiming: Airstrike (dangerous; 2% risk of failure)
Press: ? - help, Dir - move target, f - orc warrior
Aim: an orc warrior, wielding a +0 battleaxe and wearing a +0 chain mail (strong, ally target, empty space bonus: 6/8)
The air twists around and strikes the orc warrior!
The orc warrior is heavily wounded.
* * * LOW HITPOINT WARNING * * *
The orc warrior no longer looks unusually strong.
Your hound barely misses the orc warrior.
The orc warrior hits you with a +0 battleaxe!
* * * LOW HITPOINT WARNING * * *
The orc warrior barely misses your hound.
Casting: Airstrike (dangerous; 2% risk of failure)
Confirm with . or Enter, or press ? or * to list all spells.
Aiming: Airstrike (dangerous; 2% risk of failure)
Press: ? - help, Dir - move target, f/p - orc warrior
Aim: an orc warrior, wielding a +0 battleaxe and wearing a +0 chain mail (heavily wounded, ally target, empty space bonus: 6/8)
The air twists around and strikes the orc warrior!
The orc warrior is almost dead.
* * * LOW HITPOINT WARNING * * *
Your hound barely misses the orc warrior.
The orc warrior hits you with a +0 battleaxe!
You die...

##~.....(.~##
#####~~......(~~#####
#....~~...(..()~....#
#.###(~(......~~###.#
#....((.(.....(~....#
#.###(~.......~~###.#
#....~(.......~~....#
#.###~~.......~~###.#
#....)~..@....~~....#
#.###~~.o)....~~###.#
#....~~.h.....~~....#
#####~~.......~~#####
##~.......~##
####'''#### ##.)...##
#∩.....∩# #...8...#


You could see an orc warrior (ally target) and a friendly hound (summoned).

Vanquished Creatures
  An orc knight (Bailey)
  A water moccasin (D:7)
  2 orc warriors
  2 black bears (D:6)
  An ogre (D:6)
  A centaur (D:5)
  2 phantoms
  Blork the orc (D:6)
  5 kobold brigands (Bailey)
  A bullfrog (D:7)
  2 scorpions (D:4)
  A centaur zombie (Ossuary)
  4 hounds
  Crazy Yiuf (D:4)
  3 orc priests
  3 iguanas
  4 orc wizards
  2 mummies (Ossuary)
  7 gnolls (D:5)
  6 adders
  2 dart slugs
  10 orcs
  7 ball pythons
  2 endoplasms
  3 giant cockroaches
  4 gnoll zombies (Ossuary)
  8 goblins
  A hobgoblin (D:3)
  4 jackals (D:4)
  19 kobolds
  A quokka (D:4)
  6 bats
  3 frilled lizards
  A goblin zombie (Ossuary)
  2 hobgoblin zombies (Ossuary)
  3 orc zombies (Ossuary)
  2 rats
128 creatures vanquished.

Vanquished Creatures (collateral kills)
  A black bear (D:6)
  A scorpion (D:6)
  A necrophage (D:6)
  A gnoll bouda (D:5)
  An iguana (D:6)
  2 orc wizards
  A gnoll (D:5)
  2 orcs
  A bat (D:6)
  A frilled lizard (D:6)
  A goblin zombie (Ossuary)
  2 orc zombies (Ossuary)
15 creatures vanquished.

Vanquished Creatures (others)
  355 foxfires
  A fungus (D:4)
356 creatures vanquished.

Grand Total: 499 creatures vanquished

Notes
Turn   | Place    | Note
-------+----------+-------------------------------------------
     0 | D:1      | CungeonDrawl the Djinni Air Elementalist began the quest
                  | for the Orb.
     0 | D:1      | CungeonDrawl set off with the following spells memorised:
                  | Shock, Static Discharge, Swiftness, Airstrike.
     0 | D:1      | Reached XP level 1. HP: 15/15 MP: 0/0
   297 | D:1      | Reached XP level 2. HP: 12/21 MP: 0/0
  1501 | D:2      | Reached XP level 3. HP: 13/25 MP: 0/0
  1501 | D:2      | Learned a level 1 spell: Foxfire
  1683 | D:2      | Found Xituitar's Book Shop.
  2759 | D:3      | Reached XP level 4. HP: 30/31 MP: 0/0
  2997 | D:3      | Found a faded altar of an unknown god.
  3093 | D:4      | Found the +2 Maxwell's thermic engine {flame, freeze}
  3578 | D:4      | Noticed a scorpion
  3582 | D:4      | Killed a scorpion
  3583 | D:4      | Reached XP level 5. HP: 31/35 MP: 0/0
  3583 | D:4      | Learned a level 2 spell: Call Imp
  3663 | D:4      | Reached XP level 6. HP: 32/40 MP: 0/0
  3892 | D:4      | Reached skill level 5 in Spellcasting
  4228 | D:4      | Noticed an ogre
  4230 | D:4      | Noticed satrion's ghost (amateur MeEE)
  4231 | D:4      | Found a transporter.
  4233 | D:4      | Identified the +8 dire flail of Ireyw {chaos, MP+9 Str+2
                  | Int+3}
  4233 | D:4      | Noticed an ogre
  4326 | D:4      | Found Bidiqehi's Assorted Antiques.
  4502 | D:4      | Found a runed translucent door.
  4503 | D:4      | Noticed Crazy Yiuf
  4513 | D:4      | Killed Crazy Yiuf
  4809 | D:5      | Entered Level 5 of the Dungeon
  4947 | D:5      | Reached XP level 7. HP: 40/45 MP: 0/0
  4947 | D:5      | Learned a level 3 spell: Call Canine Familiar
  5226 | D:5      | Found a sand-covered staircase.
  5244 | Ossuary  | Entered an ossuary
  5694 | D:5      | Found a staircase to the Ecumenical Temple.
  5699 | Temple   | Entered the Ecumenical Temple
  6379 | D:5      | Reached XP level 8. HP: 44/50 MP: 0/0
  6417 | D:5      | Found a burning altar of Makhleb.
  6469 | D:5      | Became a worshipper of Makhleb the Destroyer
  6473 | D:5      | Identified the +1 ring mail of Atheism {Dex+5}
  6637 | D:5      | Found a glowing golden altar of the Shining One.
  6712 | D:5      | Found an ornate altar of the Wu Jian Council.
  7331 | D:6      | Reached skill level 1 in Fighting
  7375 | D:6      | Found a hazy altar of Hepliaklqana.
  7440 | D:6      | Found a sacrificial altar of Ru.
  7692 | D:6      | Noticed Blork the orc
  7697 | D:6      | Killed Blork the orc
  7920 | D:6      | Found a bloodstained altar of Trog.
  8194 | D:6      | Reached XP level 9. HP: 43/58 MP: 0/0
  8194 | D:6      | Learned a level 4 spell: Flame Wave
  8941 | D:7      | Found a flagged portal.
  8958 | D:7      | Reached skill level 5 in Fighting
  8970 | D:7      | Reached * piety under Makhleb
  9026 | Bailey   | Entered a bailey
  9285 | Bailey   | Noticed an orc knight
  9308 | Bailey   | Killed an orc knight
  9309 | Bailey   | Reached XP level 10. HP: 25/76 MP: 0/0
  9310 | Bailey   | Slain by an orc warrior

Illustrated notes

Levels and vault maps discovered:
D:1:      tarquinn_simple_flora_water_f, layout_basic, minivault_5, st_stairs_12
D:2:      layout_loops_cross, serial_shops, nicolae_shop_hallway_stairs
D:3:      layout_basic, shapermc_ecumenical_altar_mp_vishouse
D:4:      layout_basic, gammafunk_ghost_smash, serial_shops,
          nicolae_inconvenience_store, uniq_crazy_yiuf_cottage
D:5:      layout_loops_ring, mainiacjoe_overflow_concentric_impassable,
          gammafunk_temple_overflow_pools, temple_doors_e,
          chequers_ossuary_entry_cave, nrook_campfire
D:6:      layout_basic, nicolae_hepliaklqana_hippocampus,
          nicolae_ru_great_annihilating_truth, trog_hazing_becter,
          uniq_blork_the_orc
D:7:      layout_rooms, enter_bailey_2
Temple:   oiseaux_autumnal_temple
Bailey:   bailey_axe_3, bailey

Skill      XL: |  1  2  3  4  5  6  7  8  9 |
---------------+----------------------------+-----
Spellcasting   | 3 4 5 6 8 |  8.2
Fighting       | 2 8 |  8.1
Dodging        | |  2.1
Stealth        | |  1.5

Action                   |  1- 3 |  4- 6 |  7- 9 | 10-12 || total
-------------------------+-------+-------+-------+-------++-------
Melee: Staff             |       |     4 |       |       ||     4
 Cast: Shock             |    39 |     3 |    14 |       ||    56
       Static Discharge  |     3 |       |       |       ||     3
       Foxfire           |    21 |    65 |   135 |       ||   221
       Call Canine Famil |       |       |    21 |       ||    21
       Airstrike         |       |       |    62 |     2 ||    64
  Use: Scroll            |       |     4 |     2 |       ||     6
       Potion            |       |     1 |       |       ||     1
Armor: Robe              |     2 |     1 |     4 |       ||     7
Dodge: Dodged            |     8 |     7 |    10 |       ||    25
Block: Other             |       |       |     2 |       ||     2
